 Dungeon Crawl Stone Soup version 0.31.0-32-g396128a36d (webtiles) character file.

Game seed: 7080661232606659590

70954 peterpiraat the Unseen (level 15, -8/92 HPs)
             Began as a Kobold Brigand on Mar 13, 2024.
             Was an Elder of Wu Jian.
             Mangled by a +2 scimitar of freezing (11 damage)
             ... on level 1 of the Elven Halls on Mar 15, 2024.
             The game lasted 01:10:44 (30627 turns).

peterpiraat the Unseen (Kobold Brigand)            Turns: 30627, Time: 01:10:44

Health: -8/92      AC: 23    Str: 11    XL:     15   Next: 80%
Magic:  0/15       EV: 21    Int: 18    God:    Wu Jian [****..]
Gold:   1250       SH:  0    Dex: 22    Spells: 9/14 levels left

rFire   + + +        P - +0 rapier
rCold   . . .        (no shield)
rNeg    . . .        Q - +8 ring mail of Ifoduit {+Blink}
rPois   .            F - +1 hat "Peoroobb" {-Tele rF+++ Str-2 SInv}
rElec   .            c - +0 cloak
rCorr   .            Y - +2 pair of gloves {Str+3}
SInv    +            Z - +0 pair of boots of Zin, Healing {Int+5}
Will    +....        d - amulet of guardian spirit
Stlth   ++++++++     w - +4 ring of slaying
HPRegen 0.35/turn    n - +4 ring of protection
MPRegen 0.14/turn

%: no teleportation, guardian spirit
@: slowed, studying Dodging, very slow
A: small, no large weapons, nightstalker 3
a: Renounce Religion, Evoke Blink, Wall Jump, Serpent's Lash


You were on level 1 of the Elven Halls.
You worshipped Wu Jian.
Wu Jian was greatly pleased with you.
You visited 5 branches of the dungeon, and saw 23 of its levels.
You also visited: Gauntlet.

You collected 1946 gold pieces.
You spent 696 gold pieces at shops.

Inventory:

Hand Weapons
 a - the +3 triple crossbow of Irenig {penet, ^Drain rC+ Stlth+}
   (You took it off a minotaur in a Gauntlet)

   rC+:       It protects you from cold.
   ^Drain:    It drains your maximum health when unequipped.
   Stlth+:    It makes you more stealthy.
 b - a +2 dagger of electrocution
 P - a +0 rapier (weapon)
Armour
 c - a +0 cloak (worn)
 C - a +2 leather armour of willpower
 F - the +1 hat "Peoroobb" (worn) {-Tele rF+++ Str-2 SInv}
   (You found it in a Gauntlet)

   Str-2:     It affects your strength (-2).
   rF+++:     It renders you almost immune to fire.
   SInv:      It lets you see invisible.
   -Tele:     It prevents most forms of teleportation.
 Q - the +8 ring mail of Ifoduit (worn) {+Blink}
   (You found it on level 9 of the Dungeon)

   +Blink:    It lets you blink.
 Y - a +2 pair of gloves of strength (worn)
 Z - the +0 pair of boots of Zin, Healing (worn) {Int+5}
   (You found it on level 9 of the Dungeon)

   Int+5:     It affects your intelligence (+5).
Magical Staves
 s - a staff of air
Jewellery
 d - an amulet of guardian spirit (around neck)
 n - a +4 ring of protection (right hand)
 r - a +5 ring of evasion
 w - a +4 ring of slaying (left hand)
 H - a ring of see invisible
Wands
 x - a wand of mindburst (18)
 A - a wand of polymorph (3)
 B - a wand of iceblast (16)
 S - a wand of charming (6)
 U - a wand of flame (13)
Scrolls
 h - 6 scrolls of amnesia
 k - a scroll of acquirement
 l - a scroll of poison {unknown}
 p - 11 scrolls of teleportation
 t - 5 scrolls of vulnerability
 u - 6 scrolls of revelation
 y - 2 scrolls of torment {unknown}
 z - 7 scrolls of identify {unknown}
 E - 4 scrolls of fear {unknown}
 G - 2 scrolls of fog
 I - 3 scrolls of immolation {unknown}
 J - 2 scrolls of noise {unknown}
 L - a scroll of brand weapon {unknown}
 M - a scroll of summoning {unknown}
 O - a scroll of blinking
 W - 4 scrolls of enchant armour {unknown}
Potions
 f - a potion of berserk rage {unknown}
 g - 3 potions of curing
 i - 4 potions of magic {unknown}
 j - 4 potions of cancellation {unknown}
 m - 4 potions of lignification {unknown}
 o - 2 potions of invisibility {unknown}
 q - 5 potions of haste {unknown}
 v - 7 potions of attraction {unknown}
 D - a potion of degeneration {unknown}
 K - 4 potions of mutation
 N - 3 potions of brilliance {unknown}
 R - 2 potions of ambrosia {unknown}
 T - 2 potions of might {unknown}
 X - a potion of enlightenment {unknown}


   Skills:
 - Level 10.0 Fighting
 - Level 16.0 Short Blades
 + Level 17.3 Ranged Weapons
 - Level 2.2 Throwing
 - Level 12.0 Dodging
 - Level 19.0 Stealth
 - Level 5.0 Hexes
 - Level 6.0 Evocations


You had 9 spell levels left.
You knew the following spells:

 Your Spells              Type           Power      Damage    Failure   Level
a - Ensorcelled Hibernat  Hex/Ice        18%        N/A       28%         2
b - Confusing Touch       Hex            18%        N/A       21%         3

Your spell library contained the following spells:

 Spells                   Type           Power      Damage    Failure   Level
 Freeze                   Ice            0%         1d3       47%         1
 Kiss of Death            Conj/Necr      0%         2d5       47%         1
 Magic Dart               Conj           0%         1d3       47%         1
 Cause Fear               Hex            9%         N/A       56%         4
 Blink                    Tloc           0%         N/A       63%         2
 Call Imp                 Summ           0%         N/A       63%         2
 Scorch                   Fire           0%         2d5       63%         2
 Sublimation of Blood     Necr           0%         N/A       63%         2
 Frozen Ramparts          Ice            0%         1d1       85%         3
 Fugue of the Fallen      Necr           0%         N/A       85%         3
 Hailstorm                Conj/Ice       0%         3d5       85%         3
 Anguish                  Hex/Necr       4%         N/A       88%         4
 Dispel Undead            Necr           0%         3d6       99%         4
 Flame Wave               Conj/Fire      0%         2d4       99%         4
 Petrify                  Alch/Erth      0%         N/A       99%         4
 Irradiate                Conj/Alch      0%         3d11      100%        5
 Summon Forest            Summ/Tloc      0%         N/A       100%        5
 Eringya's Noxious Bog    Alch           0%         4d6       100%        6
 Summon Cactus Giant      Summ           0%         N/A       100%        6
 Enfeeble                 Hex            9%         N/A       100%        7
 Summon Hydra             Summ           0%         N/A       100%        7


Dungeon Overview and Level Annotations

Branches:
Dungeon (14/15)            Temple (1/1) D:5            Lair (5/5) D:11
  Swamp (0/4) Lair:3       Spider (0/4) Lair:3        Slime (0/5) Lair:5
    Orc (2/2) D:11            Elf (1/3) Orc:2       Gauntlet (visited)
 Vaults: D:13-14

Altars:
Ashenzari
Cheibriados
Dithmenos
Elyvilon
Fedhas
Gozag
Hepliaklqana
Kikubaaqudgha
Makhleb
Nemelex Xobeh
Okawaru
Qazlal
Ru
Sif Muna
Trog
Uskayaw
Vehumet
Wu Jian
Xom
Yredelemnul
Zin
The Shining One
Jiyva

Shops:
D:2 :=   Orc:2 =*:(

Portals:
Trove: D:12 (give 8 scrolls of fear)

Annotations:
D:4 3 runed translucent doors, anver83's ghost, amateur GnFi


Innate Abilities, Weirdness & Mutations

You are small and have problems with some larger weapons.
You are completely attuned to the shadows.


Message History

You hit the +2 scimitar of freezing.
The +2 scimitar of freezing is moderately damaged.
The +2 scimitar of freezing hits you but does no damage.
The +2 scimitar of freezing hits you.
The +2 scimitar of freezing freezes you.
You barely miss the +2 scimitar of freezing.
The +2 scimitar of freezing is moderately damaged.
The +2 scimitar of freezing hits you but does no damage.
Your +2 dagger of electrocution stops crackling.
P - a +0 rapier (weapon)
The +2 scimitar of freezing misses you.
The deep elf knight shouts!
You hit the +2 scimitar of freezing but do no damage.
The +2 scimitar of freezing is moderately damaged.
The +2 scimitar of freezing hits you!
The +2 scimitar of freezing freezes you.
You hit the +2 scimitar of freezing.
The +2 scimitar of freezing is moderately damaged.
The +2 scimitar of freezing hits you!
The +2 scimitar of freezing freezes you.
You closely miss the +2 scimitar of freezing.
The +2 scimitar of freezing is moderately damaged.
The +2 scimitar of freezing misses you.
The deep elf knight gestures wildly while chanting.
The deep elf knight seems to speed up.
The +2 scimitar of freezing hits you but does no damage.
The +2 scimitar of freezing hits you!
* * * LOW HITPOINT WARNING * * *
The +2 scimitar of freezing freezes you.
* * * LOW HITPOINT WARNING * * *
Okay, then.
The +2 scimitar of freezing hits you!
* * * LOW HITPOINT WARNING * * *
The +2 scimitar of freezing freezes you!
* * * LOW HITPOINT WARNING * * *
The +2 scimitar of freezing completely misses you.
You start removing your armour.
You continue taking off the +1 hat "Peoroobb" {-Tele rF+++ Str-2 SInv}.
The +2 scimitar of freezing hits you!
You die...

####++#####........# ##'##
##......#####......############..
..........####.)...'..).......'..
.).........####....############..
#..#..#..#..# ##...# ##'
............## #..## ##.#
..#....#..#..# #.#'## ##)##
........[....# #.##.## ##.##
.#......#..#.###@###.#######.##
.............ee(.# ##'#...#'##
###.#....####.#### #..)[...#
##+...## #.# #.......# #.....#
#.# #...8...+ ##...## #.#
#.......# ##'...'## #.# #..)....#
##.#####)###.# #+#...#'# ##.##
##.##.# ##


You could see a deep elf archer (repels missiles), a deep elf knight (fast) and
a +2 scimitar of freezing.

Vanquished Creatures
  A bunyip (D:11)
  A minotaur (Gauntlet)
  Snorg (Lair:5)
  An alligator (Lair:3)
  Erica (Lair:2)
  7 two-headed ogres
  A boulder beetle (D:11)
  4 ogre magi
  A dancing weapon (Elf:1)
  A catoblepas (Lair:5)
  10 death yaks
  4 orc high priests
  A fire crab (shapeshifter) (D:13)
  A skyshark (Lair:2)
  A sixfirhy (Gauntlet)
  5 skeletal warriors
  The ghost of Athor the Nimble, a novice FeFi (D:9)
  A deep elf archer (Elf:1)
  5 ugly things
  7 deep elf pyromancers (Elf:1)
  3 deep elf zephyrmancers (Elf:1)
  2 manticores
  An orc sorcerer (Orc:2)
  2 cyclopes
  A meliai (Lair:3)
  2 kobold blastminers
  4 black mambas
  8 elephants
  2 gargoyles
  A minotaur zombie (Gauntlet)
  10 cane toads
  A rime drake (Lair:3)
  3 unseen horrors
  7 komodo dragons
  An efreet (Gauntlet)
  A polar bear (Lair:1)
  2 hornets
  7 blink frogs (Lair:4)
  2 trolls
  7 slime creatures
  2 wraiths (D:11)
  A water elemental (Elf:1)
  An air elemental (Elf:1)
  3 wyverns
  A shadow (D:11)
  Sigmund (D:3)
  56 yaks
  3 vampires
  2 fire elementals (Gauntlet)
  3 basilisks
  A steam dragon (D:8)
  7 vampire mosquitoes (D:13)
  A neqoxec (D:9)
  9 wargs
  A two-headed ogre zombie (D:11)
  3 hell hounds (Gauntlet)
  18 water moccasins
  A black bear (Lair:1)
  11 orc warriors
  2 ice beasts
  3 wolves (Lair:5)
  2 centaurs (D:9)
  16 ogres
  A phantom (D:4)
  4 kobold brigands
  9 bullfrogs
  An earth elemental (Elf:1)
  3 gnoll sergeants
  6 scorpions
  7 wights
  14 killer bees
  An electric eel (Lair:2)
  A howler monkey (D:5)
  A bombardier beetle (D:6)
  3 quasits (D:9)
  4 jellies
  21 orc priests
  6 hounds
  6 iguanas
  Ijyb (D:5)
  Terence (D:3)
  3 sleepcaps
  13 orc wizards
  11 hell rats
  6 ogre zombies (D:11)
  10 adders
  12 gnolls
  A white imp (D:5)
  6 ufetubi
  3 dart slugs
  3 ribbon worms
  64 orcs
  5 ball pythons
  5 endoplasms
  5 giant cockroaches
  4 gnoll zombies (D:11)
  8 goblins
  9 hobgoblins
  4 jackals (D:1)
  4 quokkas
  17 bats
  2 frilled lizards
  3 gnoll skeletons (D:11)
  23 kobolds
  5 orc skeletons (D:11)
  13 orc zombies (D:11)
  2 rats (D:2)
  A butterfly (Lair:2)
602 creatures vanquished.

Vanquished Creatures (others)
  An orc (Orc:2)
1 creature vanquished.

Grand Total: 603 creatures vanquished

Notes
Turn   | Place    | Note
-------+----------+-------------------------------------------
     0 | D:1      | peterpiraat the Kobold Brigand began the quest for the Orb.
     0 | D:1      | Reached XP level 1. HP: 12/12 MP: 1/1
   245 | D:1      | Reached XP level 2. HP: 14/18 MP: 2/2
   396 | D:1      | Reached XP level 3. HP: 10/22 MP: 3/3
  1224 | D:2      | Reached XP level 4. HP: 27/27 MP: 4/4
  1513 | D:2      | Found Duosuor's One-of-a-Kind Rings.
  1531 | D:2      | Found Ceuruc's Book Emporium.
  1581 | D:2      | Reached skill level 6 in Stealth
  2195 | D:3      | Found a shimmering blue altar of Sif Muna.
  2197 | D:3      | Found a bloodstained altar of Trog.
  2197 | D:3      | Noticed Sigmund
  2203 | D:3      | Killed Sigmund
  2204 | D:3      | Reached skill level 7 in Stealth
  2204 | D:3      | Reached XP level 5. HP: 32/32 MP: 5/5
  2204 | D:3      | Reached XP level 6. HP: 37/37 MP: 6/6
  2409 | D:3      | Noticed Terence
  2413 | D:3      | Killed Terence
  2433 | D:3      | Found a faded altar of an unknown god.
  2871 | D:3      | Found a sparkling altar of Nemelex Xobeh.
  2930 | D:3      | Learned a level 2 spell: Ensorcelled Hibernation
  3040 | D:3      | Found a stormy altar of Qazlal.
  3315 | D:4      | Reached XP level 7. HP: 34/41 MP: 7/7
  3451 | D:4      | Found a runed translucent gate.
  3452 | D:4      | Found a runed translucent gate.
  3453 | D:4      | Found a runed translucent gate.
  3453 | D:4      | Noticed anver83's ghost (amateur GnFi)
  3468 | D:4      | Identified the +6 dagger "Geqe Hea" {freeze, Int+3}
  3468 | D:4      | Identified the +1 leather armour of Lilacs {Dex+8}
  4376 | D:5      | Entered Level 5 of the Dungeon
  4432 | D:5      | Reached skill level 10 in Short Blades
  4432 | D:5      | Reached XP level 8. HP: 46/46 MP: 8/8
  4527 | D:5      | Reached skill level 8 in Stealth
  4621 | D:5      | Reached skill level 9 in Stealth
  4739 | D:5      | Found a staircase to the Ecumenical Temple.
  4745 | Temple   | Entered the Ecumenical Temple
  4754 | Temple   | Became a worshipper of the Wu Jian Council
  4871 | D:5      | Noticed Ijyb
  4872 | D:5      | Found an ancient bone altar of Kikubaaqudgha.
  4873 | D:5      | Killed Ijyb
  4874 | D:5      | Reached skill level 10 in Stealth
  5042 | D:5      | Reached skill level 11 in Stealth
  5199 | D:6      | Reached XP level 9. HP: 50/50 MP: 9/9
  5257 | D:6      | Reached skill level 12 in Stealth
  5365 | D:6      | Reached skill level 5 in Fighting
  5375 | D:6      | Found a glowing drain.
  5501 | D:6      | Reached * piety under Wu Jian
  6310 | D:7      | Found a glowing silver altar of Zin.
  6319 | D:7      | Found a hazy altar of Hepliaklqana.
  6574 | D:7      | Identified the +6 trident "Plojy" {vamp, rElec Will+ Dex-4}
  6682 | D:7      | Reached skill level 13 in Stealth
  6689 | D:7      | Reached XP level 10. HP: 63/63 MP: 10/10
  7271 | D:8      | Reached ** piety under Wu Jian
  7272 | D:8      | Reached skill level 14 in Stealth
  7339 | D:8      | Noticed a komodo dragon
  7523 | D:8      | Found a broken altar of Ashenzari.
  8015 | D:8      | Reached skill level 15 in Stealth
  8361 | D:8      | Noticed a gargoyle
  8767 | D:8      | Noticed a skeletal warrior
  8770 | D:8      | Killed a skeletal warrior
  8771 | D:8      | Reached skill level 16 in Stealth
  8775 | D:8      | Noticed a cyan ugly thing
  8776 | D:8      | Noticed a purple ugly thing
  8777 | D:8      | Killed a cyan ugly thing
  8778 | D:8      | Reached skill level 17 in Stealth
  8779 | D:8      | Killed a purple ugly thing
  8794 | D:8      | Killed an unseen horror
  8795 | D:8      | Reached XP level 11. HP: 29/67 MP: 11/11
  8795 | D:8      | Identified the +5 hand axe of Neul {heavy, rF++ Str+4}
  9201 | D:9      | Found a shimmering altar of Xom.
  9235 | D:8      | Reached skill level 18 in Stealth
  9984 | D:9      | Reached skill level 19 in Stealth
 11170 | D:9      | Found a transporter.
 11180 | D:9      | Found a transporter.
 11338 | D:9      | Identified the +8 ring mail of Ifoduit {+Blink}
 11386 | D:9      | Noticed Athor's ghost (novice FeFi)
 11466 | D:9      | Found a snail-covered altar of Cheibriados.
 11512 | D:10     | Entered Level 10 of the Dungeon
 11628 | D:10     | Reached skill level 5 in Dodging
 11987 | D:10     | Noticed a cyclops
 11990 | D:10     | Killed a cyclops
 12065 | D:10     | You fall into a shaft and drop 3 floors!
 12066 | D:13     | Noticed a fire crab
 12070 | D:13     | Killed a fire crab
 12092 | D:13     | Noticed a cyclops
 12092 | D:13     | Reached *** piety under Wu Jian
 12100 | D:13     | Killed a cyclops
 12130 | D:13     | Noticed a manticore
 12133 | D:13     | Killed a manticore
 12209 | D:12     | Noticed a manticore
 12212 | D:12     | Killed a manticore
 12213 | D:12     | Reached XP level 12. HP: 72/72 MP: 12/12
 12230 | D:11     | Noticed a skeletal warrior
 12230 | D:11     | Noticed a skeletal warrior
 12231 | D:11     | Noticed a skeletal warrior
 12523 | D:12     | Reached skill level 10 in Dodging
 12969 | D:10     | Found the +0 toga "Victory" {*Victory Clar}
 13159 | D:11     | Noticed a boulder beetle
 13170 | D:11     | a boulder beetle changed into a bunyip
 13170 | D:11     | Noticed a bunyip
 13353 | D:11     | Killed a bunyip
 13775 | D:9      | Identified the +0 pair of boots of Zin, Healing {Int+5}
 13780 | D:9      | Killed Athor's ghost
 14077 | D:11     | Noticed a boulder beetle
 14080 | D:11     | Killed a boulder beetle
 14081 | D:11     | Reached skill level 1 in Hexes
 14140 | D:11     | Found a staircase to the Orcish Mines.
 14175 | D:11     | Reached **** piety under Wu Jian
 14886 | D:11     | Noticed a skeletal warrior
 15330 | D:12     | Noticed a two-headed ogre
 15344 | D:12     | Killed a two-headed ogre
 15499 | D:12     | Noticed a two-headed ogre
 15535 | D:12     | Killed a two-headed ogre
 15760 | D:12     | Found a portal to a secret trove of treasure.
 16548 | D:11     | Killed a skeletal warrior
 16549 | D:11     | Reached skill level 5 in Hexes
 16549 | D:11     | Reached XP level 13. HP: 54/80 MP: 13/13
 16995 | D:11     | Reached skill level 10 in Fighting
 17671 | D:11     | Found a staircase to the Lair.
 17884 | Lair:1   | Entered Level 1 of the Lair of Beasts
 18287 | Lair:1   | Reached ***** piety under Wu Jian
 19517 | Lair:2   | Reached skill level 15 in Short Blades
 19780 | Lair:2   | Noticed Erica
 19897 | Lair:2   | Killed Erica
 19898 | Lair:2   | Reached skill level 1 in Evocations
 19898 | Lair:2   | Reached XP level 14. HP: 87/88 MP: 14/14
 20433 | Lair:3   | Found a gate leading to a gauntlet.
 20439 | Gauntlet | Entered a Gauntlet
 20439 | Gauntlet | Found a transporter.
 20439 | Gauntlet | Found a transporter.
 20466 | Gauntlet | Found a transporter.
 20466 | Gauntlet | Found a transporter.
 20499 | Gauntlet | Found a transporter.
 20516 | Gauntlet | Found a transporter.
 20540 | Gauntlet | Found a transporter.
 20562 | Gauntlet | Found a transporter.
 20604 | Gauntlet | Found a transporter.
 20612 | Gauntlet | Found a transporter.
 20634 | Gauntlet | Found a transporter.
 20642 | Gauntlet | Found a transporter.
 20728 | Gauntlet | Found a transporter.
 20736 | Gauntlet | Found a transporter.
 20741 | Gauntlet | Found a large runed translucent door.
 20741 | Gauntlet | Found a large runed translucent door.
 20742 | Gauntlet | Found a large runed translucent door.
 20742 | Gauntlet | Found a large runed translucent door.
 20746 | Gauntlet | Found a large runed translucent door.
 20746 | Gauntlet | Found a large runed translucent door.
 20747 | Gauntlet | Found a large runed translucent door.
 20748 | Gauntlet | Found a large runed translucent door.
 20749 | Gauntlet | Found a large runed translucent door.
 20749 | Gauntlet | Found a large runed translucent door.
 20758 | Gauntlet | Found a runed translucent gate.
 20759 | Gauntlet | Found a transporter.
 20766 | Gauntlet | Found a transporter.
 20792 | Gauntlet | Found a runed translucent gate.
 20792 | Gauntlet | Found a runed translucent gate.
 20806 | Gauntlet | Found a runed translucent door.
 21496 | Gauntlet | Reached skill level 5 in Evocations
 21771 | Gauntlet | Identified the +1 hat "Peoroobb" {-Tele rF+++ Str-2 SInv}
 21773 | Gauntlet | Identified the death talisman of Misanthropy {rF+ Int+2}
 21833 | Gauntlet | Identified the +3 triple crossbow of Irenig {penet, ^Drain
                  | rC+ Stlth+}
 21833 | Gauntlet | Identified the +1 halberd of Myostar {venom, rPois rCorr
                  | Dex+4 Stlth+}
 21833 | Gauntlet | Noticed a minotaur
 21869 | Gauntlet | Killed a minotaur
 21947 | Gauntlet | Reached skill level 1 in Ranged Weapons
 22489 | Lair:3   | Paralysed by a hornet for 2 turns
 22493 | Lair:3   | Paralysed by a hornet for 3 turns
 22623 | Lair:3   | Reached skill level 5 in Ranged Weapons
 22707 | Lair:3   | Found a hole to the Spider Nest.
 23231 | Lair:3   | Found a staircase to the Swamp.
 23771 | Lair:4   | Reached skill level 10 in Ranged Weapons
 24296 | Lair:4   | Reached ****** piety under Wu Jian
 24729 | Lair:5   | Entered Level 5 of the Lair of Beasts
 24813 | Lair:5   | Found a staircase to the Slime Pits.
 24813 | Lair:5   | Found a viscous altar of Jiyva.
 25021 | Lair:5   | Reached XP level 15. HP: 42/92 MP: 8/15
 25561 | Lair:5   | Noticed Snorg
 25605 | Lair:5   | Killed Snorg
 26198 | Orc:1    | Entered Level 1 of the Orcish Mines
 26699 | Orc:2    | Entered Level 2 of the Orcish Mines
 26863 | Orc:2    | Identified a scroll of acquirement
 26863 | Orc:2    | Acquired a manual of Dodging
 26901 | Orc:2    | HP: 3/75 [warg (14)]
 26910 | Orc:1    | HP: 1/75 [warg (5)]
 26918 | Orc:1    | HP: 1/75 [warg (10)]
 27802 | Orc:2    | Paralysed by an ogre mage for 2 turns
 27818 | Orc:1    | Paralysed by an ogre mage for 5 turns
 27827 | Orc:1    | Reached skill level 15 in Ranged Weapons
 29413 | Orc:2    | Found Xoismeof's Jewellery Boutique.
 29732 | Orc:2    | Found Ogedyll's Antique Weapon Boutique.
 29784 | Orc:2    | Found Iluc Nacoku's Book Boutique.
 29794 | Orc:2    | Learned a level 3 spell: Confusing Touch
 29794 | Orc:2    | Bought a book of Hexes for 576 gold pieces
 29800 | Orc:2    | Found Udwonof's General Store.
 29805 | Orc:2    | Bought a potion of heal wounds for 75 gold pieces
 29805 | Orc:2    | Bought a potion of curing for 45 gold pieces
 29830 | Orc:2    | Found a staircase to the Elven Halls.
 30114 | Elf:1    | Entered Level 1 of the Elven Halls
 30626 | Elf:1    | HP: 3/92 [+2 scimitar of freezing (7)]
 30627 | Elf:1    | Mangled by a +2 scimitar of freezing

Illustrated notes

Levels and vault maps discovered:
D:1:      beargit_arrival_greenhouse, layout_loops_ring, serial_aquarium,
          aquarium_bridge_square [aquarium_subvault_window,
          aquarium_subvault_bridge, aquarium_subvault_wall,
          aquarium_subvault_wall], aquarium_window_1, aquarium_window_1,
          aquarium_window_1, aquarium_window_2, aquarium_view_2e,
          aquarium_balcony_3b, aquarium_pool_2, st_stairs_10
D:2:      layout_basic, serial_shops, nicolae_shop_tiny_glass, minivault_19,
          nicolae_shop_unique_rings, amethyst_killhole, minmay_pentomino_q4
D:3:      layout_basic, hellmonk_overflow_destroyed_library,
          nemelex_diamond_rough_becter, mainiacjoe_overflow_brackets,
          basic_ecumenical_altar, serial_glass, glass_columns_a,
          glass_columns_a, glass_columns_b, glass_columns_a, glass_columns_b,
          glass_columns_b, chequers_big_river, minmay_misc_feat_enclosed,
          uniq_sigmund, uniq_terence
D:4:      layout_cave_pods, biasface_ghost_orc_armoury
D:5:      layout_loops_ring, amcnicky_altar_gilded,
          minmay_temple_entry_overgrown, uniq_ijyb
D:6:      layout_basic, cheibrodos_sewer_entry_bend, grunt_ministairs_10
D:7:      layout_basic, mainiacjoe_overflow_swirl, nicolae_fountain_basement
D:8:      minmay_blocky_corners, layout_cave_pools,
          nicolae_ashenzari_panopticon, st_stairs_3
D:9:      layout_basic, general_overflow_altar, lemuel_doored_altar,
          gammafunk_ghost_stat_death
D:10:     layout_loops_ring, serial_bayou_crossing
D:11:     layout_gridville, david_lair_shrubbed, zombieorc2_lemuel
D:12:     layout_gridville, enter_trove_0
D:13:     layout_gridville, hellmonk_vaults_keyhole,
          serial_library_hellmonk_small_alcove
D:14:     kennysheep_six_static_rooms, layout_cave_pools, serial_bayou_lagoon_a,
          serial_column_ruins, column_ruins_grid_1, column_ruins_columns_plus,
          column_ruins_open_tiny, column_ruins_open_small, column_ruins_grid_1,
          drop_trap
Temple:   hc_temple_tempest_star
Lair:1:   layout_cave_pods
Lair:2:   layout_loops_ring, st_stairs_9, infiniplex_staircase_pool,
          lemuel_fruit_fields, lemuel_fruit_fields, uniq_erica
Lair:3:   layout_regular_city, mainiacjoe_swamp_entry_lozenge_pond,
          hellmonk_spider_entry_not_the_bees, gauntlet_entry_generic,
          enter_volcano_2, hangedman_lair_unloving_vines, serial_bayou_pond_e,
          roderic_batcave
Lair:4:   layout_cave_pods, serial_forest, infiniplex_forest_end_3,
          infiniplex_forest_clump_double, infiniplex_forest_clump_diagonal,
          infiniplex_forest_straight_3, infiniplex_forest_zigzag_1,
          infiniplex_forest_clump_C
Lair:5:   hangedman_lair_caniforms_friends, layout_long_grid, slime_entry_1,
          st_stairs_3, uniq_snorg
Orc:1:    layout_caves, basic_altar
Orc:2:    st_orc_town, layout_diamond_mine, serial_shops, shop
Elf:1:    layout_geoelf_diagonals, minmay_elf_sorcery, grunt_ministairs_13

Skill      XL: |  1  2  3  4  5  6  7  8  9 10 11 12 13 14 15 |
---------------+----------------------------------------------+-----
Short Blades   | 3 6 7 10 16 | 16.0
Dodging        | 2 9 12 | 12.0
Fighting       | 3 7 9 10 | 10.0
Stealth        | 7 11 13 17 19 | 19.0
Hexes          | 5 |  5.0
Evocations     | 1 6 |  6.0
Ranged Weapons | 12 17 | 17.3
Throwing       | |  2.2

Action                     |  1- 3 |  4- 6 |  7- 9 | 10-12 | 13-15 || total
---------------------------+-------+-------+-------+-------+-------++-------
  Melee: Dagger            |   110 |    83 |   177 |   596 |  1378 ||  2344
         Punch             |     2 |       |     2 |     7 |    27 ||    38
         Rapier            |       |       |       |       |     3 ||     3
   Fire: Triple crossbow   |       |       |       |       |    87 ||    87
 Invoke: Serpent's Lash    |       |       |       |     2 |     3 ||     5
         Heavenly Storm    |       |       |       |       |     3 ||     3
Ability: Lunge             |       |       |    32 |    81 |    84 ||   197
         Whirlwind         |       |       |       |    23 |    66 ||    89
         Wall Jump         |       |       |       |    16 |     6 ||    22
         Evoke Blink       |       |       |       |       |     2 ||     2
  Evoke: Wand              |       |       |       |     2 |       ||     2
    Use: Scroll            |       |       |       |     8 |     2 ||    10
         Potion            |       |       |       |     2 |    10 ||    12
   Stab: Sleeping          |    16 |     6 |    58 |    55 |    65 ||   200
         Distracted        |       |       |     1 |     3 |    13 ||    17
 Armour: Robe              |    39 |     9 |       |       |       ||    48
         Leather armour    |       |    15 |    23 |    88 |       ||   126
         Ring mail         |       |       |       |   114 |   571 ||   685
  Dodge: Dodged            |    60 |    36 |    46 |   218 |  1061 ||  1421
